 Dungeon Crawl Stone Soup version 0.30-a0-718-geaa24f58ff (webtiles) character file.

Game seed: 2674414751252948006

511 ASSMAN the Covered (level 6, -3/53 HPs)
             Began as an Armataur Fighter on Jan 25, 2023.
             Killed from afar by Ijyb (6 damage)
             ... with a bolt of dispelling energy
             ... on level 5 of the Dungeon.
             The game lasted 00:04:11 (2631 turns).

ASSMAN the Covered (Armataur Fighter)               Turns: 2631, Time: 00:04:11

Health: -3/53      AC:  8    Str: 23    XL:     6   Next: 99%
Magic:  6/6        EV:  8    Int:  8    God:
Gold:   213        SH:  5    Dex: 10    Spells: 5/5 levels left

rFire   . . .      SeeInvis .    m - +2 falchion (holy)
rCold   . . .      Faith    .    c - +0 buckler
rNeg    . . .      Spirit   .    g - +0 troll leather armour
rPois   .          Reflect  .    (no helmet)
rElec   .          Harm     .    n - +0 cloak
rCorr   .          Roll     +    t - +0 pair of gloves
Will    .....                    (no barding)
Stlth   +                        (no amulet)
HPRegen 1.08/turn                (no ring)
MPRegen 0.10/turn                (no ring)

@: mighty, studying Ranged Weapons, invisible (expiring)
A: large, rugged brown scales 3, deformed body, armoured tail, roll, long
tongue, awkward tongue
a: no special abilities


You were on level 5 of the Dungeon.
You visited 1 branch of the dungeon, and saw 5 of its levels.

You collected 213 gold pieces.

Inventory:

Hand Weapons
 a - a +0 war axe
 m - a +2 falchion of holy wrath (weapon)
Armour
 b - a +0 scale mail
 c - a +0 buckler (worn)
 f - a +0 plate armour of poison resistance
 g - a +0 troll leather armour (worn)
 n - a +0 cloak (worn)
 t - a +0 pair of gloves (worn)
Jewellery
 p - a ring of protection from cold
Scrolls
 e - 2 scrolls of fear {unknown}
 h - 2 scrolls of enchant armour {unknown}
 i - a scroll of enchant weapon {unknown}
 l - 2 scrolls of immolation {unknown}
 o - a scroll of fog
 q - a scroll of teleportation
 r - a scroll of vulnerability {unknown}
 u - a scroll of acquirement {unknown}
Potions
 d - a potion of might
 j - a potion of invisibility
 k - 2 potions of brilliance {unknown}
 s - a potion of heal wounds {unknown}


   Skills:
 - Level 2.6 Fighting
 - Level 1.5 Axes
 + Level 7.2 Armour
 + Level 6.6 Shields


You had 5 spell levels left.
You didn't know any spells.
Your spell library contained the following spells:

 Spells                   Type           Power      Damage    Failure   Level
 Ignite Poison            Fire/Tmut/Pois 0%         N/A       87%         3
 Kindle Blastsparks       Fire/Tloc/Air  0%         2d10      87%         3
 Fireball                 Conj/Fire      0%         3d3       100%        5
 Freezing Cloud           Conj/Ice/Air   0%         6-21      100%        5
 Iskenderun's Battlesphe  Conj           0%         2d6       100%        5
 Conjure Ball Lightning   Conj/Air       0%         3x3d6     100%        6
 Orb of Destruction       Conj           0%         9d5       100%        7


Dungeon Overview and Level Annotations

Branches:
Dungeon (5/15)
 Temple: D:4-7

Altars:
Wu Jian
Yredelemnul

Shops:
D:1 !(([

Annotations:
D:5 Ijyb


Innate Abilities, Weirdness & Mutations

You are completely covered in rugged brown scales. (AC +3, +7% HP)
Armour fits poorly on your strangely shaped body.
You have a long armoured tail.
You roll when moving toward enemies. (Rampage)
Your long tongue fully drains potion bottles. (2x potion effects)
Your tongue gives you trouble enunciating. (1.5x scroll delay)


Message History

The bolt of dispelling energy hits you!!
Ijyb zaps a wand.
The bolt of dispelling energy hits you!
You are too injured to fight recklessly!
You are too injured to fight recklessly!
You are too injured to fight recklessly!
Ijyb zaps a wand.
The bolt of dispelling energy hits you.
You hit Ijyb but do no damage.
Your tail-slap misses Ijyb.
Ijyb hits you with a +6 club.
* * * LOW HITPOINT WARNING * * *
You slurp down every last drop of the 2 potions of invisibility!
You fade into invisibility!
You block Ijyb's attack.
You hit Ijyb.
Ijyb is lightly wounded.
Ijyb hits you with a +6 club.
* * * LOW HITPOINT WARNING * * *
You hit Ijyb.
Your tail-slap misses Ijyb.
Ijyb is moderately wounded.
Ijyb hits you but does no damage.
You hit Ijyb but do no damage.
Ijyb is moderately wounded.
Ijyb hits you with a +6 club.
* * * LOW HITPOINT WARNING * * *
You block Ijyb's attack.
You hit Ijyb but do no damage.
Ijyb is moderately wounded.
Ijyb hits you with a +6 club!
* * * LOW HITPOINT WARNING * * *
You hit Ijyb but do no damage.
Ijyb is moderately wounded.
Ijyb hits you but does no damage. Ijyb hits you with a +6 club.
* * * LOW HITPOINT WARNING * * *
You slurp down every last drop of the 2 potions of might!
You feel very mighty all of a sudden. Ijyb closely misses you.
You closely miss Ijyb.
Ijyb is moderately wounded.
Ijyb zaps a wand.
The bolt of dispelling energy hits you.
Your magical effects are unravelling.
You die...

##........## ...
##..###.....## ...
##......#.....## ....
##........#.....# .....
##..........##....
.....##..#........###...
.........#.......## ##..
........####.....# ##.
.......@# ####### ##
......g## ..)....
....... ######. ##


You could see Ijyb (unable to see you).

Vanquished Creatures
  The ghost of Thecursedkatanna the Conjurer, a novice DrFE (D:4)
  A howler monkey (D:4)
  An iguana (D:4)
  5 adders
  3 gnolls (D:3)
  A white imp (D:3)
  3 worms
  2 dart slugs
  2 orcs
  8 ball pythons
  7 bats
  6 endoplasms
  5 giant cockroaches
  5 goblins
  10 hobgoblins
  7 jackals
  4 quokkas
  4 frilled lizards
  4 kobolds
  4 rats
83 creatures vanquished.

Notes
Turn   | Place    | Note
-------+----------+-------------------------------------------
     0 | D:1      | ASSMAN the Armataur Fighter began the quest for the Orb.
     0 | D:1      | Reached XP level 1. HP: 19/19 MP: 1/1
   124 | D:1      | Found Orunime's Weapon Boutique.
   130 | D:1      | Reached skill level 4 in Armour
   131 | D:1      | Reached XP level 2. HP: 26/26 MP: 2/2
   274 | D:1      | Found Sibetig's Antique Armour Shoppe.
   323 | D:1      | Found Imiyteug's Antique Weapon Boutique.
   361 | D:1      | Found Qekoem's Weapon Shop.
   396 | D:1      | Found Lepub's Distillery.
   459 | D:1      | Reached XP level 3. HP: 32/32 MP: 3/3
   502 | D:1      | Found a faded altar of an unknown god.
   558 | D:1      | Found an ornate altar of the Wu Jian Council.
   627 | D:2      | Identified the +7 short sword of the End {flame, rF- rC++
                  | rN+}
   956 | D:2      | Found a basalt altar of Yredelemnul.
  1080 | D:2      | Reached XP level 4. HP: 38/39 MP: 4/4
  1221 | D:3      | Reached skill level 5 in Armour
  1372 | D:3      | Reached skill level 5 in Shields
  1390 | D:3      | Reached XP level 5. HP: 43/44 MP: 5/5
  1678 | D:4      | Found a runed translucent door.
  2054 | D:4      | Noticed Thecursedkatanna's ghost (novice DrFE)
  2091 | D:4      | Reached skill level 6 in Armour
  2492 | D:4      | Killed Thecursedkatanna's ghost
  2493 | D:4      | Reached skill level 7 in Armour
  2493 | D:4      | Reached XP level 6. HP: 53/53 MP: 6/6
  2527 | D:5      | Entered Level 5 of the Dungeon
  2618 | D:5      | Noticed Ijyb
  2629 | D:5      | HP: 1/53 [Ijyb/+6 club (6)]
  2631 | D:5      | Killed from afar by Ijyb

Illustrated notes

Levels and vault maps discovered:
D:1:      dpeg_arrival_water_altar, layout_rooms, serial_shops, shop,
          nicolae_shop_bloodbath_and_beyond, nicolae_shop_waterfront,
          nicolae_shop_waterfront, nicolae_lakefront_shop,
          dreamdust_ecumenical_altar_angels_and_demons
D:2:      layout_basic, basic_altar, minmay_quadrilaterals
D:3:      layout_rooms, minmay_bisected
D:4:      layout_gridville, ebering_ghost_sewer_d, minmay_statues_item,
          minmay_manual_mail, uniq_crazy_yiuf_cottage
D:5:      layout_cave_pods, nicolae_sif_muna_little_library, minitemple,
          serial_shops, shop, uniq_menkaure, uniq_ijyb, uniq_sigmund

Skill      XL: |  1  2  3  4  5 |
---------------+----------------+-----
Armour         | 4 5 7 |  7.2
Shields        | 4 5 6 |  6.6
Fighting       | |  2.6
Axes           | |  1.5

Action                     |  1- 3 |  4- 6 || total
---------------------------+-------+-------++-------
  Melee: War axe           |   146 |    80 ||   226
         Tailslap          |    11 |    13 ||    24
         Falchion          |       |    22 ||    22
    Use: Scroll            |       |     5 ||     5
         Potion            |       |     3 ||     3
 Armour: Scale mail        |    16 |       ||    16
         Troll leather arm |    64 |    42 ||   106
  Dodge: Dodged            |    65 |    44 ||   109
  Block: Buckler           |    37 |    26 ||    63

Table legend: (Time is in decaauts)
 A = Elapsed time spent in this place.
 B = Non-inter-level travel time spent in this place.
 C = Inter-level travel time spent in this place.
 D = Time resting spent in this place.
 E = Time spent auto-exploring this place.
 F = Levels seen in this place.
 G = Mean time per level.
                   A        B        C        D        E       F      G
               +--------+--------+--------+--------+--------+-----+--------+
         Total |   2739 |   2643 |     96 |      0 |   1980 |   5 |  547.8 |
       Dungeon |   2739 |   2643 |     96 |      0 |   1980 |   5 |  547.8 |
               +--------+--------+--------+--------+--------+-----+--------+

Top non-repeatable levels by time:
     D:4: 879 daAuts
     D:2: 667 daAuts
     D:1: 610 daAuts
     D:3: 476 daAuts
     D:5: 105 daAuts
